 Dungeon Crawl Stone Soup version 0.29-a0-857-g9b1aa3ac5b (webtiles) character file.

Game seed: 2178964562743538775

46 nxtlvl the Cutter (level 3, -3/22 HPs)
             Began as a Deep Elf Monk on July 16, 2022.
             Slain by an iguana (7 damage)
             ... on level 4 of the Dungeon.
             The game lasted 00:10:57 (1116 turns).

nxtlvl the Cutter (Deep Elf Monk)                   Turns: 1116, Time: 00:10:57

Health: -3/22      AC:  2    Str:  8    XL:     3   Next: 46%
Magic:  6/7        EV: 13    Int: 16    God:
Gold:   113        SH:  0    Dex: 17    Spells: 4/5 levels left

rFire   . . .      SeeInvis .   a - +0 short sword (speed)
rCold   . . .      Faith    .   (no shield)
rNeg    . . .      Spirit   .   b - +0 robe
rPois   .          Reflect  .   (no helmet)
rElec   .          Harm     .   (no cloak)
rCorr   .          Rampage  .   (no gloves)
Will    .....                   (no boots)
Stlth   ++........              (no amulet)
HPRegen 0.07/turn               i - ring of wizardry
MPRegen 0.10/turn               (no ring)

@: no status effects
A: no striking features
a: no special abilities


You were on level 4 of the Dungeon.
You visited 1 branch of the dungeon, and saw 4 of its levels.

You collected 113 gold pieces.

Inventory:

Hand Weapons
 a - a +0 short sword of speed (weapon)
Missiles
 g - 25 stones
 n - 2 boomerangs of dispersal (quivered)
Armour
 b - a +0 robe (worn)
Magical Staves
 f - a staff of death
Jewellery
 i - a ring of wizardry (left hand)
Scrolls
 e - a scroll of acquirement {unknown}
 h - 2 scrolls of enchant weapon {unknown}
 k - 2 scrolls of amnesia {unknown}
 l - 4 scrolls of identify {unknown}
 p - a scroll of fear {unknown}
 q - a scroll of enchant armour {unknown}
 r - a scroll of teleportation {unknown}
 s - a scroll of blinking {unknown}
Potions
 c - a potion of ambrosia
 d - a potion of heal wounds {unknown}
 j - a potion of curing
 m - a potion of flight {unknown}
 o - a potion of resistance {unknown}


   Skills:
 - Level 2.4 Fighting
 + Level 4.1 Short Blades
 - Level 3.6 Dodging
 - Level 2.4 Stealth
 * Level 1.7 Spellcasting
 + Level 0.9 Ice Magic


You had 4 spell levels left.
You knew the following spells:

 Your Spells              Type           Power      Damage    Failure   Level
z - Freeze                Ice            16%        1d4       6%          1

Your spell library contained the following spells:

 Spells                   Type           Power      Damage    Failure   Level
 Frozen Ramparts          Ice            8%         1d2       17%         3
 Hailstorm                Conj/Ice       2%         3d3       54%         4


Dungeon Overview and Level Annotations

Branches:
Dungeon (4/15)             Temple (0/1) D:4

Altars:
Wu Jian

Shops:
D:3 [

Annotations:
D:2 Robin
D:4 3 runed translucent doors, nicolae's ghost, amateur OpTm


Message History

The iguana is poisoned.
Throw: dart (poison)
Press: ? - help, Q - select action, (/) - cycle Shift-Dir - straight line, f/p - iguana
Aim: an iguana (poisoned, 64% to hit)
You throw a poisoned dart.
The poisoned dart closely misses the iguana.
Casting: Freeze (safe; 6% risk of failure)
Confirm with . or Enter, or press ? or * to list all spells.
Aiming: Freeze (safe; 6% risk of failure)
Press: ? - help, Shift-Dir - straight line, f/p - iguana
Aim: an iguana (lightly wounded, poisoned)
You freeze the iguana.
The iguana is moderately wounded.
The iguana bites you!
Ouch! That really hurt!
The iguana attacks as you move away! The iguana closely misses you.
The iguana attacks as you move away! The iguana bites you!
* * * LOW HITPOINT WARNING * * *
Throw: 5 boomerangs (disperse)
Press: ? - help, Q - select action, (/) - cycle Shift-Dir - straight line, f/p - iguana
Aim: an iguana (lightly wounded, poisoned, 64% to hit)
You throw a boomerang of dispersal.
The boomerang of dispersal closely misses the iguana.
The iguana barely misses you.
Throw: 4 boomerangs (disperse)
Press: ? - help, Q - select action, (/) - cycle Shift-Dir - straight line, f/p - iguana
Aim: an iguana (moderately wounded, poisoned, 64% to hit)
You throw a boomerang of dispersal.
The boomerang of dispersal hits the iguana but does no damage.
The iguana is moderately wounded.
The iguana closely misses you.
Throw: 3 boomerangs (disperse)
Press: ? - help, Q - select action, (/) - cycle Shift-Dir - straight line, f/p - iguana
Aim: an iguana (heavily wounded, poisoned, 64% to hit)
You throw a boomerang of dispersal.
The boomerang of dispersal hits the iguana but does no damage.
The iguana is heavily wounded.
The iguana looks more healthy.
The iguana barely misses you. The iguana bites you!
You die...

#...#
###########.####.#
#.#.# #...........#
#.# #.#.#
#.########### #.#
#.#.#### #.# #.#
#.#....# #.# #.#
###.####.## #.# #.#
.......#..# #.# #.#
#.###.###.# #.# #.#
...# .# #.# #@# #.#
#.## # #.# #l# # #.#
#.# #.# ##.#.####
....##.# #.# #
##.#####.........
#..... ..#
#.##.....##...#...##
###### ###
#.....##.##....#.#.. #
####..# ...#..# .. ###
# #### #..# #...##((
.# .. #
...#####.)#####...!.>.
. #. #


You could see an iguana.

Vanquished Creatures
  An adder (D:3)
  An orc (D:3)
  4 endoplasms
  8 goblins
  4 hobgoblins
  A kobold (D:1)
  2 quokkas
  3 ball pythons
  2 bats
  5 frilled lizards
  A rat (D:1)
32 creatures vanquished.

Notes
Turn   | Place    | Note
-------+----------+-------------------------------------------
     0 | D:1      | nxtlvl the Deep Elf Monk began the quest for the Orb.
     0 | D:1      | Reached XP level 1. HP: 13/13 MP: 3/3
     2 | D:1      | Noticed a vine stalker
     2 | D:1      | Noticed a demonspawn
     4 | D:1      | Noticed a dwarf
     6 | D:1      | Noticed a formicid
     8 | D:1      | Noticed a felid
     8 | D:1      | Noticed a minotaur
    12 | D:1      | Noticed a gargoyle
    14 | D:1      | Noticed a human
    14 | D:1      | Noticed a vampire
    16 | D:1      | Noticed an octopode
    16 | D:1      | Noticed a merfolk
    18 | D:1      | Noticed a naga
    18 | D:1      | Noticed a troll
    20 | D:1      | Noticed a draconian
    20 | D:1      | Noticed a demigod
    22 | D:1      | Noticed an elf
    22 | D:1      | Noticed a tengu
    24 | D:1      | Noticed a ghoul
    24 | D:1      | Noticed an ogre
    26 | D:1      | Noticed a spriggan
   177 | D:2      | Reached XP level 2. HP: 13/18 MP: 4/4
   354 | D:2      | Reached skill level 4 in Short Blades
   492 | D:3      | Learned a level 1 spell: Freeze
   497 | D:3      | Found Symokhio's Armour Shop.
   600 | D:3      | Reached skill level 1 in Spellcasting
   600 | D:3      | Reached XP level 3. HP: 7/22 MP: 0/6
   800 | D:2      | Noticed Robin
   921 | D:4      | Found a staircase to the Ecumenical Temple.
   940 | D:4      | Noticed a kobold brigand
   963 | D:4      | Found a runed translucent gate.
   963 | D:4      | Found a runed translucent gate.
   963 | D:4      | Found a runed translucent gate.
   963 | D:4      | Noticed nicolae's ghost (amateur OpTm)
  1022 | D:4      | Found an ornate altar of the Wu Jian Council.
  1116 | D:4      | Slain by an iguana

Illustrated notes

Levels and vault maps discovered:
D:1:      kb_arrival_jail, layout_loops_corners, chequers_serial_rivers_micro_b,
          chequers_serial_rivers_micro_b, minmay_statues_item
D:2:      layout_basic, minmay_hexomino_u4, uniq_robin
D:3:      layout_loops_ring, serial_shops, nicolae_shop_crystal
D:4:      kennysheep_spiral_hall, layout_loops_ring,
          nicolae_overflow_hidden_temple, minmay_temple_entry_mini_moons,
          serial_shops, shop, ebering_ghost_rock_garden, grunt_decor_fettered

Skill      XL: |  1  2 |
---------------+-------+-----
Short Blades   | 4 |  4.1
Spellcasting   | 1 |  1.7
Fighting       | |  2.4
Dodging        | |  3.6
Stealth        | |  2.4
Ice Magic      | |  0.9

Action                   || total
-------------------------++-------
Melee: Short sword       ||   107
       Punch             ||     1
Throw: Dart              ||     3
       Boomerang         ||     3
 Cast: Freeze            ||     5
  Use: Potion            ||     1
 Stab: Sleeping          ||     7
Armor: Robe              ||    14
Dodge: Dodged            ||    51

Table legend: (Time is in decaauts)
 A = Elapsed time spent in this place.
 B = Non-inter-level travel time spent in this place.
 C = Inter-level travel time spent in this place.
 D = Time resting spent in this place.
 E = Time spent auto-exploring this place.
 F = Levels seen in this place.
 G = Mean time per level.
                   A        B        C        D        E       F      G
               +--------+--------+--------+--------+--------+-----+--------+
         Total |   1078 |   1078 |      0 |      0 |     34 |   4 |  269.5 |
       Dungeon |   1078 |   1078 |      0 |      0 |     34 |   4 |  269.5 |
               +--------+--------+--------+--------+--------+-----+--------+

Top non-repeatable levels by time:
     D:3: 390 daAuts
     D:2: 293 daAuts
     D:4: 253 daAuts
     D:1: 141 daAuts
